 Dungeon Crawl Stone Soup version 0.16-a0-670-g3b10be2 (webtiles) character file.

54341 Grim the Bludgeoner (level 14, -9/196 (199) HPs)
             Began as a Minotaur Berserker on Sept 19, 2014.
             Was the Champion of Trog.
             Mangled by a death yak (10 damage)
             ... on Level 8 of the Lair of Beasts.
             The game lasted 01:41:02 (21525 turns).

Grim the Bludgeoner (Minotaur Berserker)           Turns: 21525, Time: 01:41:02

HP  -9/196 (199) AC 23     Str 38      XL: 14   Next: 34%
MP   0/1         EV 15     Int  7      God: Trog [******]
Gold 898         SH  0     Dex 16      Spells:  0 memorised, 13 levels left

rFire  . . .     SeeInvis .     P - +4 eveningstar (antimagic)
rCold  . . .     Clarity  .     W - +6 chain mail of Surprise {Str+3 Int+3}
rNeg   . . .     rCorr    .     (no shield)
rPois  .         rRot     .     (helmet restricted)
rElec  .         Spirit   +     x - +0 cloak
SustAb .         Warding  .     D - +0 pair of gloves
rMut   .         Stasis   .     (no boots)
Gourm  .                        L - amulet of guardian spirit
MR     +....                    r - +4 ring of strength
                                Y - +5 ring of strength

@: berserking, very quick, somewhat resistant to hostile enchantments, extremely
unstealthy
A: retaliatory headbutt, horns 2
a: Burn Spellbooks, Berserk, Trog's Hand, Brothers in Arms, Renounce Religion


You were on level 8 of the Lair of Beasts.
You worshipped Trog.
Trog was exalted by your worship.
You were full.

You visited 2 branches of the dungeon, and saw 17 of its levels.

You collected 1078 gold pieces.
You spent 180 gold pieces at shops.

Inventory:

Hand weapons
 q - a +4 antimagic great mace
 P - a +4 antimagic eveningstar (weapon)
Missiles
 d - 4 tomahawks of dispersal (quivered)
Armour
 x - a +0 cloak (worn)
 D - a +0 pair of gloves (worn)
 W - the +6 chain mail of Surprise (worn) {Str+3 Int+3}
   (You found it on level 5 of the Lair of Beasts)

   It affects your strength (+3).
   It affects your intelligence (+3).
Magical devices
 a - a wand of fireball (0)
 z - a wand of heal wounds (3)
 F - a wand of polymorph (15)
 I - a wand of heal wounds (4)
 K - a wand of enslavement (17) {unknown}
 T - a wand of disintegration (0)
Comestibles
 c - 4 bread rations
 u - 3 beef jerkies
 A - a royal jelly
 G - 26 fruits
 S - 3 slices of pizza
Scrolls
 f - 4 scrolls of remove curse
 j - a scroll of immolation {unknown}
 n - 6 scrolls of recharging {unknown}
 o - a scroll of enchant armour
 p - 8 scrolls of teleportation
 s - a scroll of noise
 t - 3 scrolls of random uselessness {unknown}
 w - 2 scrolls of magic mapping {unknown}
 H - 6 scrolls of blinking {unknown}
 M - 2 scrolls of fog {unknown}
 R - 3 scrolls of fear {unknown}
 X - a scroll of summoning
Jewellery
 l - an uncursed ring of ice
 r - a +4 ring of strength (right hand)
 L - an amulet of guardian spirit (around neck)
 Y - a +5 ring of strength (left hand)
 Z - an uncursed ring of ice
Potions
 b - a potion of berserk rage
 e - 3 potions of heal wounds
 g - 3 potions of restore abilities
 h - 5 potions of curing
 k - 2 potions of flight
 m - 3 potions of mutation
 v - 2 potions of resistance
 B - 4 potions of haste
 C - a potion of invisibility
 J - 2 potions of might
 Q - a potion of magic
 U - 4 potions of brilliance
Books
 i - a Grand Grimoire {highlevel, unknown}

   This book is beyond your current level of understanding.

   Spells                             Type                      Level
   Aura of Abjuration                 Summoning                    6
   Forceful Dismissal                 Summoning                    6
   Summon Greater Demon               Summoning                    7
   Malign Gateway                     Summoning/Translocation      7
   Summon Horrible Things             Summoning                    8
   Trog disapproves of the use of such an item.
 y - a book of Minor Magic

   Spells                             Type                      Level
   Magic Dart                         Conjuration                  1
   Blink                              Translocation                2
   Call Imp                           Summoning                    2
   Repel Missiles                     Charms/Air                   2
   Slow                               Hexes                        2
   Conjure Flame                      Conjuration/Fire             3
   Mephitic Cloud                     Conjuration/Poison/Air       3
   Trog disapproves of the use of such an item.
 E - a book of Party Tricks

   Spells                             Type                      Level
   Summon Butterflies                 Summoning                    1
   Apportation                        Translocation                1
   Blink                              Translocation                2
   Tukima's Dance                     Hexes                        3
   Alistair's Intoxication            Transmutation/Poison         4
   Trog disapproves of the use of such an item.
 N - a book of Annihilations {highlevel, unknown}

   This book is beyond your current level of understanding.

   Spells                             Type                      Level
   Poison Arrow                       Conjuration/Poison           6
   Chain Lightning                    Conjuration/Air              8
   Lehudib's Crystal Spear            Conjuration/Earth            8
   Glaciate                           Conjuration/Ice              9
   Fire Storm                         Conjuration/Fire             9
   Trog disapproves of the use of such an item.
 O - a book of Debilitation

   Spells                             Type                      Level
   Corona                             Hexes                        1
   Slow                               Hexes                        2
   Inner Flame                        Hexes/Fire                   3
   Enslavement                        Hexes                        4
   Cause Fear                         Hexes                        4
   Leda's Liquefaction                Hexes/Earth                  4
   Trog disapproves of the use of such an item.
 V - a book of the Earth

   Spells                             Type                      Level
   Leda's Liquefaction                Hexes/Earth                  4
   Bolt of Magma                      Conjuration/Fire/Earth       5
   Statue Form                        Transmutation/Earth          6
   Iron Shot                          Conjuration/Earth            6
   Shatter                            Earth                        9
   Trog disapproves of the use of such an item.


   Skills:
 + Level 14.9 Fighting
 * Level 17.0 Maces & Flails
 * Level 15.6 Armour
 + Level 10.3 Dodging


You had 13 spell levels left.
You didn't know any spells.

Dungeon Overview and Level Annotations

Branches:
Dungeon (9/15)             Temple (0/1) D:7            Lair (8/8) D:8
  Swamp (0/5) Lair:3        Snake (0/5) Lair:4        Slime (0/6) Lair:8
    Orc: D:9-12

Altars:
Ashenzari
Cheibriados
Fedhas
Gozag
Makhleb
Okawaru
Sif Muna
Yredelemnul
The Shining One
Jiyva

Shops:
D:4 [   D:6 *%


Innate Abilities, Weirdness & Mutations

You reflexively headbutt those who attack you in melee.
You have a pair of horns on your head.


Message History

You impale the death yak!!
You feel the power of Trog in you as your rage grows.
You kill the death yak!
Trog accepts your kill. The death yak gores you!
* * * LOW HITPOINT WARNING * * *
You flatten the death yak like a pancake!!!
Your headbutt misses the death yak.
The death yak is severely wounded.
The death yak misses you.
The death yak gores you but does no damage.
You are too berserk!
You are too berserk!
You are too berserk!
Unknown command.
You are too injured to fight recklessly!
You bludgeon the death yak!! You headbutt the death yak!
The death yak is moderately wounded.
The death yak gores you!
You die...

.# ..P ##.....## #.. .# .
###.#....# #.. .# ...
###.##.....## ##. .#
#....#....P......### #.# ##
##...P.........##..## ##.. ##
................P.P.####... .#
#................P.....#..P ###
#......PPYY............<.. ..#
#...PP.PY@YY.............. ..#
##.......#YY............###
..#####...#######Y...........##
#...#.....# #P...........##
..#.......## ##..........P#
...........# #.#........P#.
....#....#.# #.........P#..
...#.##.%.## ##........#.
..#####...## #......###


You could see 8 death yaks.

Vanquished Creatures
  Rupert (Lair:7)
  The ghost of Protee the Martial Artist, a powerful OpWz of Okawaru (Lair:8)
  7 hydras
  Erica (Lair:5)
  3 death yaks (Lair:8)
  Nergalle (Lair:5)
  A catoblepas (Lair:7)
  2 lindwurms (Lair:8)
  2 griffons
  19 elephants
  The ghost of asdu the Carver, an experienced VSBe of Trog (D:8)
  12 spiny frogs
  11 komodo dragons
  9 black mambas
  A queen ant (Lair:1)
  9 fire drakes
  3 giant leeches (Lair:8)
  28 blink frogs
  A boulder beetle (Lair:5)
  A basilisk (Lair:5)
  A deep elf mage (D:9)
  A human (D:9)
  A steam dragon (D:8)
  A wyvern (D:9)
  7 wolves
  26 yaks
  15 water moccasins
  13 hippogriffs
  A naga (Lair:4)
  An orc warrior (D:6)
  7 soldier ants (Lair:1)
  A human skeleton (D:6)
  14 porcupines
  3 black bears
  An ice beast (D:9)
  A sky beast (D:6)
  A necrophage (D:7)
  10 crocodiles
  2 centaurs
  The ghost of Foahim the Charmwright, an average HESk (D:4)
  3 ogres
  3 big kobolds (D:8)
  A gnoll sergeant (D:9)
  5 brain worms (Lair:8)
  3 insubstantial wisps (Lair:3)
  6 giant frogs
  A scorpion (D:8)
  A yak zombie (D:9)
  3 wights (D:9)
  2 electric eels (Lair:1)
  4 crimson imps (D:9)
  A giant frog zombie (D:5)
  16 hounds
  3 jellies
  12 orc wizards
  A centaur skeleton (D:9)
  12 iguanas
  4 orc priests
  A two-headed ogre skeleton (D:8)
  20 orange rats
  8 sheep
  30 worker ants
  Jessica (D:2)
  A hound zombie (D:9)
  17 adders
  A gnoll (D:5)
  37 green rats
  3 shadow imps
  17 worms
  An orc zombie (D:5)
  2 oozes (D:3)
  23 orcs
  4 ball pythons
  13 bats
  2 giant mite zombies (D:8)
  11 hobgoblins
  6 jackals
  8 kobolds
  7 quokkas
  2 giant cockroaches
  6 giant geckos
  2 giant newts
  6 goblins
  2 goblin skeletons
  A kobold skeleton (D:8)
  An orc skeleton (D:4)
  16 rats
  A spectral orc (Lair:5)
  2 ballistomycetes (D:9)
  2 fungi (Lair:8)
557 creatures vanquished.

Vanquished Creatures (others)
  A fire vortex (Lair:4)
  A giant spore (D:9)
  2 butterflies (Lair:8)
  4 fungi
  8 plants
16 creatures vanquished.

Grand Total: 573 creatures vanquished

Notes
Turn   | Place    | Note
--------------------------------------------------------------
     0 | D:1      | Grim, the Minotaur Berserker, began the quest for the Orb.
     0 | D:1      | Reached XP level 1. HP: 19/19 MP: 1/1
    69 | D:1      | Reached skill level 4 in Maces & Flails
   135 | D:1      | Reached XP level 2. HP: 23/26 MP: 1/1
   523 | D:2      | Acquired Trog's second power
   648 | D:2      | Reached skill level 5 in Maces & Flails
   648 | D:2      | Reached XP level 3. HP: 31/31 MP: 2/2
   912 | D:2      | Noticed Jessica
   914 | D:2      | Killed Jessica
  1080 | D:2      | Found a snail-covered altar of Cheibriados.
  1337 | D:3      | Reached XP level 4. HP: 36/39 MP: 2/2
  1361 | D:3      | Reached skill level 6 in Maces & Flails
  1887 | D:3      | Found a glowing golden altar of the Shining One.
  1958 | D:3      | Found a shattered altar of Ashenzari.
  2301 | D:4      | Found Oceicei's Antique Armour Boutique.
  2324 | D:4      | Reached skill level 7 in Maces & Flails
  2324 | D:4      | Reached XP level 5. HP: 34/45 MP: 2/2
  2743 | D:4      | Found a burning altar of Makhleb.
  2924 | D:4      | Reached skill level 8 in Maces & Flails
  3555 | D:5      | Entered Level 5 of the Dungeon
  3660 | D:5      | Reached XP level 6. HP: 51/51 MP: 3/3
  3824 | D:5      | Noticed an ogre
  3831 | D:5      | Killed an ogre
  3984 | D:5      | Noticed a centaur
  3991 | D:5      | Killed a centaur
  3991 | D:5      | Reached skill level 9 in Maces & Flails
  4041 | D:5      | Reached XP level 7. HP: 51/57 MP: 3/3
  4239 | D:5      | Reached skill level 10 in Maces & Flails
  4287 | D:5      | Found a deep blue altar of Sif Muna.
  4849 | D:6      | Found a blossoming altar of Fedhas.
  4929 | D:6      | Acquired Trog's third power
  4955 | D:6      | Found an opulent altar of Gozag.
  4955 | D:6      | Found Gozag's Platinum Reserve.
  5091 | D:4      | Noticed Foahim's ghost (average HESk)
  5099 | D:4      | Killed Foahim's ghost
  5163 | D:4      | Bought a pitted cloak for 180 gold pieces
  5169 | D:4      | Identified the cursed -3 cloak of Infinity {Stlth++ Curse} (You bought it in a shop on level 4 of the Dungeon)
  5273 | D:6      | Reached skill level 5 in Armour
  5320 | D:6      | Reached XP level 8. HP: 45/64 MP: 3/3
  5481 | D:6      | Found a deep blue altar of Sif Muna.
  5684 | D:6      | Found Oraacicu's Food Shoppe.
  6057 | D:7      | Found a staircase to the Ecumenical Temple.
  6088 | D:7      | Reached skill level 11 in Maces & Flails
  7149 | D:8      | Noticed asdu's ghost (experienced VSBe)
  7159 | D:8      | Killed asdu's ghost
  7159 | D:8      | Reached XP level 9. HP: 58/68 MP: 1/4
  7709 | D:8      | Found a staircase to the Lair.
  8179 | D:8      | Found an iron altar of Okawaru.
  8305 | D:8      | Reached skill level 5 in Fighting
  8305 | D:8      | Reached skill level 10 in Armour
  8312 | D:8      | Reached skill level 12 in Maces & Flails
  8344 | D:8      | Noticed a two-headed hydra
  8353 | D:8      | Killed a two-headed hydra
  8492 | D:9      | Reached XP level 10. HP: 61/84 MP: 4/4
  8525 | D:9      | Found a basalt altar of Yredelemnul.
  9724 | Lair:1   | Entered Level 1 of the Lair of Beasts
 10741 | Lair:1   | Received a gift from Trog
 10759 | Lair:1   | Reached skill level 13 in Maces & Flails
 10768 | Lair:1   | Reached skill level 10 in Fighting
 10771 | Lair:1   | Reached XP level 11. HP: 97/97 MP: 4/4
 10925 | Lair:1   | Received a gift from Trog
 12062 | Lair:2   | Noticed a seven-headed hydra
 12073 | Lair:2   | Killed a seven-headed hydra
 12863 | Lair:3   | Received a gift from Trog
 13051 | Lair:3   | Found a staircase to the Swamp.
 13053 | Lair:3   | Reached skill level 5 in Dodging
 13289 | Lair:3   | Reached skill level 14 in Maces & Flails
 13926 | Lair:4   | Reached XP level 12. HP: 88/110 MP: 1/5
 14248 | Lair:4   | Found a staircase to the Snake Pit.
 15237 | Lair:4   | Received a gift from Trog
 15858 | Lair:5   | Noticed Erica
 15868 | Lair:5   | Killed Erica
 15868 | Lair:5   | Reached skill level 15 in Maces & Flails
 16541 | Lair:5   | Got a slimy chain mail
 16552 | Lair:5   | Identified the cursed +6 chain mail of Surprise {Str+3 Int+3} (You found it on level 5 of the Lair of Beasts)
 16561 | Lair:5   | Noticed Nergalle
 16571 | Lair:5   | Killed Nergalle
 16867 | Lair:5   | Reached XP level 13. HP: 97/120 MP: 1/5
 17141 | Lair:5   | Received a gift from Trog
 17192 | Lair:5   | Noticed an eight-headed hydra
 17198 | Lair:5   | Killed an eight-headed hydra
 18810 | Lair:7   | Received a gift from Trog
 18828 | Lair:7   | Reached skill level 16 in Maces & Flails
 19176 | Lair:7   | Noticed Rupert
 19186 | Lair:7   | Killed Rupert
 19692 | Lair:8   | Entered Level 8 of the Lair of Beasts
 19699 | Lair:8   | Found a viscous altar of Jiyva.
 19700 | Lair:8   | Found a staircase to the Slime Pits.
 19814 | Lair:8   | Reached skill level 15 in Armour
 20039 | Lair:8   | Noticed Protee's ghost (powerful OpWz)
 20055 | Lair:8   | Killed Protee's ghost
 20070 | Lair:8   | Reached XP level 14. HP: 47/131 MP: 0/5
 20472 | Lair:8   | Reached skill level 10 in Dodging
 21103 | Lair:8   | Received a gift from Trog
 21231 | Lair:8   | Lost intelligence.
 21515 | Lair:8   | Reached skill level 17 in Maces & Flails
 21523 | Lair:8   | HP: 1/196 [death yak (14)]
 21525 | Lair:8   | Mangled by a death yak

Action                   |  1- 3 |  4- 6 |  7- 9 | 10-12 | 13-15 || total
-------------------------+-------+-------+-------+-------+-------++-------
Melee: Mace              |    56 |       |   143 |       |       ||   199
       Flail             |       |   121 |   154 |    76 |       ||   351
       Morningstar       |       |       |       |   295 |       ||   295
       Great mace        |       |       |       |   255 |   309 ||   564
       Eveningstar       |       |       |       |       |    69 ||    69
Throw: Tomahawk          |       |       |     2 |     1 |     1 ||     4
Invok: Berserk           |       |     2 |    11 |     7 |     7 ||    27
Evoke: Wand              |       |       |       |    15 |     4 ||    19
  Use: Scroll            |       |     3 |     3 |    22 |     4 ||    32
       Potion            |       |       |       |       |     7 ||     7
 Stab: Petrified         |       |       |       |       |     1 ||     1
       Invisible         |       |       |       |       |     1 ||     1
  Eat: Chunk             |     1 |     7 |    10 |    11 |     1 ||    30
       Fruit             |       |     3 |       |       |       ||     3
       Pizza             |       |     1 |       |     4 |     1 ||     6
       Bread ration      |       |       |     2 |     2 |       ||     4
       Beef jerky        |       |       |     1 |       |     1 ||     2
       Meat ration       |       |       |     1 |     4 |     4 ||     9
